AoeStats
← Albast6718

MegaRandom

510231600Analyzed
2v2 RM · 17h ago on Sep 30, 2026· 23m 3s· 4 players
Game mode
Random Map
Map size
Medium (4 player)
Population
200
Speed
Normal
Resources
Standard
Victory
Conquest
Starting age
Dark Age
Ending age
Imperial Age
RankedLock teamsTeams togetherTeam positionsShared explorationLock speedFull tech treeHidden civsTurbo modeCheats
Victory
Defeat
🇨🇱 Danes · Chile
805
+18
🇨🇱 Georgians · Chile
695
+20
🇺🇸 Romans · United States
803
-18
🇨🇦 Teutons · Canada
774
-17
Albast6718
0:28 Loom
12:41 Feudal Age
17:45 Castle Age
nathanst1996
7:47 Loom
12:08 Feudal Age
13:26 Wheelbarrow
12:27 Man-at-Arms
16:04 Scale Mail Armor
Steryl_Pykle
10:11 Feudal Age
10:34 Man-at-Arms
11:01 Arson
11:23 Loom
13:41 Wheelbarrow
13:43 Forging
18:05 Scale Mail Armor
19:48 Horse Collar
Aravy
9:02 Loom
11:26 Feudal Age
12:09 Town Watch
12:18 Double-Bit Axe
19:09 Castle Age
19:20 Scale Barding Armor
19:52 Bloodlines
Connection lost

Rejoining the realm…

Still unreachable

The connection could not be restored.

Session expired

The server has moved on; the page needs a fresh start.